 Dungeon Crawl Stone Soup version 0.31.0-9-g3a7656b989 (webtiles) character file.

Game seed: 17571363374277010428

4816 monsoonserge the Thaumaturge (level 10, -1/64 HPs)
             Began as a Djinni Summoner on Jan 24, 2024.
             Was an Initiate of Gozag.
             Killed from afar by an electric eel (9 damage)
             ... with a bolt of electricity
             ... on level 8 of the Dungeon on Jan 25, 2024.
             The game lasted 01:03:20 (8069 turns).

monsoonserge the Thaumaturge (Djinni Summoner)      Turns: 8069, Time: 01:03:21

Health: -1/64      AC:  5    Str:  7    XL:     10   Next: 77%
Gold:   724        EV: 12    Int: 21    God:    Gozag SH:  8 Dex: 14

rFire   + + .        C - +3 whip (elec)
rCold   x . .        D - +2 buckler
rNeg    . . .        g - +2 leather armour {rPois}
rPois   ∞            (no helmet)
rElec   .            (no cloak)
rCorr   .            (no gloves)
SInv    .            (boots unavailable)
Will    ++...        (no amulet)
Stlth   ++           s - ring of willpower
HPRegen 0.30/turn    t - ring of wizardry
MPRegen 0.00/turn

%: wizardry (x1), infuse magic (-2 HP)
@: flying, inugami summoned
A: sickness immunity, fire resistance 2, cold vulnerability 1, float, innate
caster, HP casting, extra vitality 1
a: Renounce Religion, Potion Petition, Call Merchant, Bribe Branch


You were on level 8 of the Dungeon.
You worshipped Gozag.
Gozag was pleased with you.
You visited 2 branches of the dungeon, and saw 9 of its levels.

You collected 1138 gold pieces.
You spent 326 gold pieces at shops.
You paid 88 gold pieces to Gozag.

Inventory:

Hand Weapons
 C - a +3 whip of electrocution (weapon)
Missiles
 r - a curare-tipped dart
 H - 5 boomerangs
Armour
 a - the +6 scale mail of Sunlight {Will+ Regen+ Dex+2}
   (You took it off a wight on level 8 of the Dungeon)

   Dex+2:     It affects your dexterity (+2).
   Will+:     It increases your willpower.
   Regen+:    It increases your rate of health regeneration.
 g - a +2 leather armour of poison resistance (worn)
 m - the orb of the Stallion {guile, rPois rN+ Regen+}
   (You found it on level 2 of the Dungeon)

   rPois:     It protects you from poison rN+: It protects you from negative
   energy.
   Regen+:    It increases your rate of health regeneration.
 D - a +2 buckler (worn)
Jewellery
 s - a ring of willpower (left hand)
 t - a ring of wizardry (right hand)
Wands
 B - a wand of digging (6)
 G - a wand of charming (18)
Scrolls
 b - 2 scrolls of revelation
 c - a scroll of noise {unknown}
 e - 3 scrolls of blinking
 f - a scroll of poison {unknown}
 h - 3 scrolls of fog
 k - 2 scrolls of fear
 n - a scroll of immolation {unknown}
 p - 7 scrolls of teleportation {unknown}
 v - a scroll of silence {unknown}
 y - a scroll of summoning {unknown}
 z - a scroll of enchant weapon {unknown}
 A - a scroll of amnesia {unknown}
 E - a scroll of vulnerability {unknown}
 F - a scroll of enchant armour {unknown}
 I - a scroll of torment {unknown}
Potions
 d - 2 potions of might
 i - 2 potions of resistance
 j - a potion of cancellation {unknown}
 l - a potion of heal wounds {unknown}
 o - 2 potions of magic {unknown}
 q - a potion of curing {unknown}
 x - 3 potions of enlightenment {unknown}
 J - a potion of mutation {unknown}


   Skills:
 * Level 2.2 Fighting
 - Level 1.0 Short Blades
 + Level 0.2 Maces & Flails
 + Level 3.8 Armour
 + Level 3.5 Dodging
 + Level 2.0 Stealth
 + Level 8.4 Shields
 - Level 0.2 Unarmed Combat
 * Level 9.2 Spellcasting
 * Level 9.2 Conjurations
 * Level 9.2 Hexes
 * Level 9.2 Summonings
 * Level 9.2 Necromancy
 * Level 9.2 Translocations
 * Level 9.2 Fire Magic
 * Level 9.2 Ice Magic
 * Level 9.2 Air Magic
 * Level 9.2 Earth Magic
 * Level 9.2 Alchemy
 + Level 2.1 Evocations


You knew the following spells:

 Your Spells              Type           Power      Damage    Failure   Level
a - Summon Small Mammal   Summ           100%       N/A       1%          1
b - Call Imp              Summ           96%        N/A       1%          2
c - Call Canine Familiar  Summ           48%        N/A       1%          3
d - Summon Blazeheart Go  Fire/Summ      48%        N/A       1%          4
e - Summon Lightning Spi  Summ/Air       48%        N/A       1%          4
f - Apportation           Tloc           96%        N/A       1%          1
g - Searing Ray           Conj           96%        2d7       1%          2
h - Static Discharge      Conj/Air       96%        3-7/arc   1%          2
i - Dispel Undead         Necr           48%        3d18      1%          4
Your spell library was empty.

Dungeon Overview and Level Annotations

Branches:
Dungeon (8/15)             Temple (1/1) D:4
   Lair: D:8-11

Altars:
Ashenzari
Cheibriados
Fedhas
Gozag
Hepliaklqana
Makhleb
Nemelex Xobeh
Okawaru
Qazlal
Uskayaw
Wu Jian
Xom
Yredelemnul
Zin
The Shining One

Shops:
D:8 *


Innate Abilities, Weirdness & Mutations

You are immune to sickness and miasma.
You are immune to poison.
Your flesh is very heat resistant. (rF++)
You are vulnerable to cold. (rC-)
You float through the air rather than walking.
You learn spells naturally, not from books.
Your magical power is your life essence.
You have superior vitality. (+4 MHP)


Message History

Found 19 gold pieces.
Casting: Searing Ray (safe; 1% risk of failure)
Confirm with . or Enter, or press ? or * to list all spells.
Okay, then.
Casting: Searing Ray (safe; 1% risk of failure)
Confirm with . or Enter, or press ? or * to list all spells.
An electric hum fills the air.
The electric eel shoots out a bolt of lightning at you!
The bolt of electricity hits your lightning spire.
Your lightning spire completely resists.
The bolt of electricity hits you!
Casting: Summon Lightning Spire (dangerous; 1% risk of failure)
Confirm with . or Enter, or press ? or * to list all spells.
You call for your canine familiar and it appears with a howl!
Unknown command.
Casting: Call Canine Familiar (safe; 1% risk of failure)
Confirm with . or Enter, or press ? or * to list all spells.
A tiny devil pulls itself out of the air.
The electric eel shoots out a bolt of lightning at you!
The bolt of electricity hits your lightning spire.
Your lightning spire completely resists.
The bolt of electricity hits you!
The electric eel shoots out a bolt of lightning at you!
The bolt of electricity hits you. The bolt of electricity hits you!
* * * LOW HITPOINT WARNING * * *
Unknown command.
Okay, then.
You swap places.
The electric eel shoots out a bolt of lightning at you!
The bolt of electricity hits your lightning spire.
Your lightning spire completely resists.
The bolt of electricity hits you!
* * * LOW HITPOINT WARNING * * *
Your cerulean imp misses the electric eel.
The electric eel shoots out a bolt of lightning at you!
The bolt of electricity hits your lightning spire.
Your lightning spire completely resists.
The bolt of electricity hits you!
You die...
Your body crumbles into a pile of gold.

.... ..~.######
≈≈≈≈≈....#############
..~≈≈~~..##..........#
.$~≈≈S...##..........#
.~~≈≈≈...##..........#
...~.5h8..#..........#
..........#.....~~~..# #
#..
.###.#.###@#..........#
.##....+
#................#
#.#....#
#................#
.#......
#......))........#
..#....##
#......)).########
........# #.#####)....#
.....#..##.#.#####.....#
.#...<...........'....>#
#+...#..##.#######.....#


You could see an electric eel (ally target), a friendly lightning spire
(summoned), a friendly cerulean imp (summoned) and a friendly inugami
(summoned).

Vanquished Creatures
  A hornet (D:8)
  2 phantoms (D:6)
  A bullfrog (D:7)
  A scorpion (D:4)
  6 wights (D:8)
  3 adders (D:2)
  3 dart slugs (D:3)
  6 orcs
  A ball python (D:3)
  3 bats
  3 endoplasms
  A goblin (D:2)
  A jackal (D:3)
  2 kobolds
  A frilled lizard (D:2)
  A rat (D:3)
36 creatures vanquished.

Vanquished Creatures (collateral kills)
  2 deep elf pyromancers (D:7)
  A wyvern (D:7)
  4 yaks (D:6)
  A steam dragon (D:8)
  3 water moccasins
  An orc warrior (D:8)
  An ice beast (D:5)
  2 black bears
  3 centaurs
  An ogre (D:5)
  A phantom (D:5)
  A kobold brigand (D:8)
  A gnoll sergeant (D:5)
  3 scorpions
  7 wights (D:8)
  2 howler monkeys
  A hound (D:5)
  A jelly (D:6)
  2 gnoll boudas
  An orc priest (D:8)
  2 iguanas
  A sleepcap (D:6)
  13 gnolls
  3 adders (D:4)
  2 ufetubi (D:6)
  10 dart slugs
  4 orcs
  5 endoplasms
  7 giant cockroaches
  6 goblins
  4 hobgoblins
  7 jackals
  10 kobolds
  4 ball pythons
  A bat (D:1)
  A frilled lizard (D:2)
  2 rats (D:3)
121 creatures vanquished.

Vanquished Creatures (others)
  A vampire (D:7)
1 creature vanquished.

Grand Total: 158 creatures vanquished

Notes
Turn   | Place    | Note
-------+----------+-------------------------------------------
     0 | D:1      | monsoonserge the Djinni Summoner began the quest for the
                  | Orb.
     0 | D:1      | monsoonserge set off with the following spells memorised:
                  | Summon Small Mammal, Call Imp, Call Canine Familiar, Summon
                  | Blazeheart Golem, Summon Lightning Spire.
     0 | D:1      | Reached XP level 1. HP: 15/15 MP: 0/0
   173 | D:1      | Reached XP level 2. HP: 16/21 MP: 0/0
   639 | D:1      | Reached XP level 3. HP: 23/25 MP: 0/0
   639 | D:1      | Learned a level 1 spell: Apportation
  1085 | D:2      | Found a faded altar of an unknown god.
  1171 | D:2      | Found a stormy altar of Qazlal.
  1542 | D:2      | Identified the orb of the Stallion {guile, rPois rN+
                  | Regen+}
  1616 | D:2      | Reached XP level 4. HP: 31/31 MP: 0/0
  2260 | D:3      | Reached XP level 5. HP: 36/36 MP: 0/0
  2260 | D:3      | Learned a level 2 spell: Searing Ray
  2321 | D:3      | Found a glowing silver altar of Zin.
  2326 | D:3      | Noticed an angel
  2331 | D:3      | Found a shimmering altar of Xom.
  2837 | D:4      | Reached skill level 1 in Short Blades
  2878 | D:4      | Reached skill level 1 in Fighting
  2878 | D:4      | Reached skill level 5 in Spellcasting
  2878 | D:4      | Reached skill level 5 in Conjurations
  2878 | D:4      | Reached skill level 5 in Hexes
  2878 | D:4      | Reached skill level 5 in Summonings
  2878 | D:4      | Reached skill level 5 in Necromancy
  2878 | D:4      | Reached skill level 5 in Translocations
  2878 | D:4      | Reached skill level 5 in Fire Magic
  2878 | D:4      | Reached skill level 5 in Ice Magic
  2878 | D:4      | Reached skill level 5 in Air Magic
  2878 | D:4      | Reached skill level 5 in Earth Magic
  2878 | D:4      | Reached skill level 5 in Alchemy
  2878 | D:4      | Reached XP level 6. HP: 28/42 MP: 0/0
  2967 | D:4      | Noticed a black bear
  2986 | D:4      | Killed a black bear
  3177 | D:4      | Found an ornate altar of the Wu Jian Council.
  3213 | D:4      | Reached XP level 7. HP: 47/47 MP: 0/0
  3213 | D:4      | Learned a level 2 spell: Static Discharge
  3308 | D:4      | Found a staircase to the Ecumenical Temple.
  3313 | Temple   | Entered the Ecumenical Temple
  3327 | Temple   | Became a worshipper of Gozag Ym Sagoz the Greedy
  3473 | D:5      | Entered Level 5 of the Dungeon
  3791 | D:5      | Reached XP level 8. HP: 51/52 MP: 0/0
  4443 | D:6      | Noticed a yak
  4455 | D:6      | Killed a yak
  4456 | D:6      | Reached skill level 1 in Armour
  4456 | D:6      | Reached skill level 1 in Shields
  4459 | D:6      | Noticed a yak
  4461 | D:6      | Noticed a yak
  4466 | D:6      | Noticed a yak
  4468 | D:6      | Killed a yak
  4474 | D:6      | Killed a yak
  4475 | D:6      | Reached XP level 9. HP: 43/57 MP: 0/0
  4475 | D:6      | Learned a level 4 spell: Dispel Undead
  5478 | D:7      | Found a sparkling altar of Nemelex Xobeh.
  5491 | D:7      | Reached skill level 1 in Evocations
  6088 | D:7      | Found a hazy altar of Hepliaklqana.
  6281 | D:7      | Noticed a deep elf pyromancer
  6553 | D:7      | Reached skill level 5 in Shields
  6570 | D:7      | Noticed a deep elf pyromancer
  6595 | D:7      | Killed a deep elf pyromancer
  6596 | D:7      | Reached XP level 10. HP: 29/63 MP: 0/0
  6619 | D:7      | Killed a deep elf pyromancer
  7374 | D:8      | Found Ranor's Assorted Antiques.
  7392 | D:8      | Bought a black potion for 29 gold pieces
  7393 | D:8      | Bought a translucent scale mail for 297 gold pieces
  7393 | D:8      | Identified the +1 scale mail "Leohaupo" {rCorr} (You bought
                  | it in a shop on level 8 of the Dungeon)
  7814 | D:8      | Identified the +6 scale mail of Sunlight {Will+ Regen+
                  | Dex+2}
  8069 | D:8      | Killed from afar by an electric eel

Illustrated notes

Levels and vault maps discovered:
D:1:      dpeg_arrival_prison, layout_basic, chequers_serial_rivers_small_a,
          hangedman_abyss_or_decor_lesser_grid
D:2:      layout_basic, basic_altar, chequers_ecumenical_altar_simple,
          minmay_distorted
D:3:      kennysheep_slugbush, layout_basic,
          grunt_temple_overflow_order_and_chaos_1
D:4:      layout_loops_ring, kennysheep_little_box,
          minmay_temple_entry_nine_rooms
D:5:      nicolae_cairo_tiling, layout_basic, serial_glass, glass_columns_b,
          glass_columns_b, glass_columns_a, minmay_misc_feat_four_crosses,
          solitary_fountain
D:6:      layout_gridville
D:7:      layout_loops_ring, nzn_hepliaklqana_mist_gate,
          nemelex_diamond_rough_becter, serial_library_hellmonk_metal_room
D:8:      layout_basic, serial_shops, shop, chequers_serial_rivers_micro_e
Temple:   hc_temple_tempest_star

Skill      XL: |  1  2  3  4  5  6  7  8  9 10 |
---------------+-------------------------------+-----
Stealth        | 2 |  2.0
Spellcasting   | 4 5 7 8 9 |  9.2
Conjurations   | 4 5 7 8 9 |  9.2
Hexes          | 4 5 7 8 9 |  9.2
Summonings     | 4 5 7 8 9 |  9.2
Necromancy     | 4 5 7 8 9 |  9.2
Translocations | 4 5 7 8 9 |  9.2
Fire Magic     | 4 5 7 8 9 |  9.2
Ice Magic      | 4 5 7 8 9 |  9.2
Air Magic      | 4 5 7 8 9 |  9.2
Earth Magic    | 4 5 7 8 9 |  9.2
Alchemy        | 4 5 7 8 9 |  9.2
Dodging        | 3 |  3.5
Short Blades   | 1 |  1.0
Fighting       | 1 2 |  2.2
Armour         | 2 3 |  3.8
Shields        | 2 6 8 |  8.4
Evocations     | 2 |  2.1
Maces & Flails | |  0.2
Unarmed Combat | |  0.2

Action                     |  1- 3 |  4- 6 |  7- 9 | 10-12 || total
---------------------------+-------+-------+-------+-------++-------
  Melee: Unarmed           |    18 |       |       |       ||    18
         Short sword       |    24 |    61 |     1 |       ||    86
         Whip              |       |       |     5 |     1 ||     6
   Cast: Summon Small Mamm |    33 |    40 |    14 |     1 ||    88
         Call Imp          |    14 |    24 |    36 |    10 ||    84
         Searing Ray       |       |     4 |       |     8 ||    12
         Call Canine Famil |       |     4 |    19 |     8 ||    31
         Summon Lightning  |       |     1 |    27 |    13 ||    41
         Summon Blazeheart |       |       |     8 |     6 ||    14
         Dispel Undead     |       |       |     3 |     7 ||    10
         Static Discharge  |       |       |       |     1 ||     1
  Evoke: Wand              |       |       |       |     1 ||     1
    Use: Scroll            |       |       |       |     6 ||     6
         Potion            |       |       |       |     1 ||     1
   Stab: Sleeping          |     2 |       |       |       ||     2
         Distracted        |     3 |     1 |     1 |       ||     5
 Armour: Robe              |    22 |    53 |     3 |       ||    78
         Leather armour    |       |       |    13 |    24 ||    37
  Dodge: Dodged            |    29 |    55 |     7 |     6 ||    97
  Block: Buckler           |       |       |     6 |     7 ||    13
